 Dungeon Crawl Stone Soup version 0.29.1-15-g9cfb28693d (webtiles) character file.

Game seed: 8155189030845623171

56 zeram the Caller (level 3, -1/31 HPs)
             Began as a Troll Summoner on Apr 11, 2023.
             Slain by Terence
             ... wielding a +0 flail
              (6 damage)
             ... on level 2 of the Dungeon.
             The game lasted 00:01:53 (1332 turns).

zeram the Caller (Troll Summoner)                   Turns: 1332, Time: 00:01:54

Health: -1/31      AC:  4    Str: 16    XL:     3   Next: 71%
Magic:  3/3        EV: 10    Int: 13    God:
Gold:   67         SH:  0    Dex: 10    Spells: 3/4 levels left

rFire   . . .      SeeInvis .   f - +0 club
rCold   . . .      Faith    .   (no shield)
rNeg    . . .      Spirit   .   a - +0 robe
rPois   .          Reflect  .   (helmet restricted)
rElec   .          Harm     .   (no cloak)
rCorr   .          Rampage  .   (gloves unavailable)
Will    .....                   (boots unavailable)
Stlth   +.........              (no amulet)
HPRegen 0.90/turn               (no ring)
MPRegen 0.08/turn               (no ring)

@: confused, ambrosia-drunk
A: large, unfitting armour, claws 3, regeneration 1, shaggy fur 1, tough skin 1
a: no special abilities


You were on level 2 of the Dungeon.
You visited 1 branch of the dungeon, and saw 2 of its levels.

You collected 67 gold pieces.

Inventory:

Hand Weapons
 f - a +0 club (weapon)
Armour
 a - a +0 robe (worn)
Jewellery
 m - a +6 ring of intelligence
Scrolls
 d - 2 scrolls of amnesia {unknown}
 h - 2 scrolls of fear {unknown}
 j - 3 scrolls of identify {unknown}
 l - a scroll of vulnerability {unknown}
 n - a scroll of silence {unknown}
 o - a scroll of enchant weapon {unknown}
 p - 4 scrolls of brand weapon {unknown}
 r - 2 scrolls of fog {unknown}
Potions
 b - a potion of magic
 c - a potion of resistance {unknown}
 e - 2 potions of ambrosia
 g - a potion of curing {unknown}
 i - a potion of flight {unknown}
 k - a potion of cancellation {unknown}
 q - a potion of brilliance {unknown}
 s - 2 potions of lignification {unknown}
 t - a potion of invisibility {unknown}


   Skills:
 + Level 1.3 Maces & Flails
 + Level 1.9 Dodging
 - Level 1.0 Stealth
 + Level 1.3 Spellcasting
 + Level 3.6 Summonings


You had 3 spell levels left.
You knew the following spells:

 Your Spells              Type           Power      Damage    Failure   Level
a - Summon Small Mammal   Summ           40%        N/A       6%          1

Your spell library contained the following spells:

 Spells                   Type           Power      Damage    Failure   Level
 Call Imp                 Summ           10%        N/A       10%         2
 Call Canine Familiar     Summ           10%        N/A       19%         3
 Summon Guardian Golem    Hex/Summ       5%         N/A       36%         3
 Gell's Gravitas          Tloc           0%         N/A       63%         3
 Lesser Beckoning         Tloc           0%         N/A       63%         3
 Teleport Other           Tloc           0%         N/A       63%         3
 Summon Lightning Spire   Summ/Air       5%         N/A       78%         4


Dungeon Overview and Level Annotations

Branches:
Dungeon (2/15)

Altars:

Annotations:
D:2 Terence


Innate Abilities, Weirdness & Mutations

You are too large for most types of armour.
You have claws for hands.
Your natural rate of healing is unusually fast.
You are covered in fur. (AC +1)
You have tough skin. (AC +1)


Message History

You hit Terence but do no damage.
Terence is lightly wounded.
Terence hits you with a +0 flail.
You hit Terence but do no damage.
Terence is lightly wounded.
Terence hits you with a +0 flail. Terence barely misses you.
You completely miss Terence.
Terence is lightly wounded.
Terence hits you with a +0 flail.
You hit Terence but do no damage.
Terence is lightly wounded.
Terence barely misses you.
You hit Terence.
Terence is lightly wounded.
Terence barely misses you.
You hit Terence but do no damage.
Terence is lightly wounded.
Terence hits you but does no damage. Terence closely misses you.
You hit Terence but do no damage.
Terence is lightly wounded.
Terence hits you with a +0 flail!
* * * LOW HITPOINT WARNING * * *
You closely miss Terence.
Terence is lightly wounded.
Terence closely misses you.
You hit Terence but do no damage.
Terence is lightly wounded.
Terence hits you with a +0 flail.
* * * LOW HITPOINT WARNING * * *
You hit Terence but do no damage.
Terence is lightly wounded.
Terence misses you.
You closely miss Terence.
Terence is lightly wounded.
Terence barely misses you. Terence hits you with a +0 flail.
* * * LOW HITPOINT WARNING * * *
It was a potion of ambrosia.
You are confused.
You feel invigorated. Terence hits you with a +0 flail.
You die...

######### ........#
#. #@#
#.########@###
#............#######
#.#...........).....
#.#†#.####..........
#.#.#.# #.#.##....
#.#.#.# #.#......#
#.....####.#..###.#
#..#.......#.!#


You could see Terence.

Vanquished Creatures
  A gnoll (D:1)
  2 worms (D:2)
  A dart slug (D:1)
  2 endoplasms (D:2)
  A giant cockroach (D:1)
  5 hobgoblins (D:1)
  3 quokkas
  2 ball pythons (D:2)
  4 bats
  2 frilled lizards (D:2)
  8 goblins
  4 kobolds
  3 rats
38 creatures vanquished.

Notes
Turn   | Place    | Note
-------+----------+-------------------------------------------
     0 | D:1      | zeram the Troll Summoner began the quest for the Orb.
     0 | D:1      | Reached XP level 1. HP: 16/16 MP: 1/1
    26 | D:1      | Reached skill level 3 in Summonings
   109 | D:1      | Reached XP level 2. HP: 24/24 MP: 2/2
   191 | D:1      | You fall into a shaft and drop 1 floor!
   777 | D:1      | Reached XP level 3. HP: 23/31 MP: 3/3
  1039 | D:2      | Reached skill level 1 in Maces & Flails
  1306 | D:2      | Noticed Terence
  1331 | D:2      | HP: 1/31 [Terence/+0 flail (6)]
  1332 | D:2      | Slain by Terence

Illustrated notes

Levels and vault maps discovered:
D:1:      nzn_arrival_depleted_hourglass, layout_basic, minmay_small_reverse_x
D:2:      wad_river_or_something, layout_loops_ring, uniq_terence

Skill      XL: |  1  2  3 |
---------------+----------+-----
Summonings     | 3 |  3.6
Maces & Flails | 1 |  1.3
Dodging        | |  1.9
Stealth        | |  1.0
Spellcasting   | |  1.3

Action                   || total
-------------------------++-------
Melee: Unarmed           ||    30
       Club              ||   199
       Punch             ||     2
  Use: Potion            ||     1
 Stab: Sleeping          ||     3
Armor: Robe              ||   106
Dodge: Dodged            ||   126
